 Dungeon Crawl Stone Soup version 0.28-a0-1387-g3a22ab9bdc (webtiles) character file.

Game seed: 14724767197000086259

74 Maimakterion the Magician (level 4, -5/24 HPs)
             Began as a Deep Elf Fire Elementalist on Jan 2, 2022.
             Killed from afar by an orc wizard (8 damage)
             ... with a magic dart
             ... on level 3 of the Dungeon.
             The game lasted 00:02:19 (1896 turns).

Maimakterion the Magician (DEFE)                    Turns: 1896, Time: 00:02:19

Health: -5/24      AC:  3    Str:  5    XL:     4   Next: 9%
Magic:  1/12       EV: 13    Int: 22    God:
Gold:   74         SH:  0    Dex: 15    Spells: 5/11 levels left

rFire   + . .      SeeInvis .   g - +0 rapier
rCold   + . .      Faith    .   c - orb {light}
rNeg    . . .      Spirit   .   a - +0 robe
rPois   +          Reflect  .   e - +0 helmet
rElec   +          Harm     .   (no cloak)
rCorr   +          Rampage  .   (no gloves)
Will    .....                   (no boots)
Stlth   +.........              (no amulet)
HPRegen 0.08/turn               (no ring)
MPRegen 0.13/turn               (no ring)

@: resistant, glowing
A: no striking features
a: no special abilities


You were on level 3 of the Dungeon.
You visited 1 branch of the dungeon, and saw 3 of its levels.

You collected 74 gold pieces.

Inventory:

Hand Weapons
 g - a +0 rapier (weapon)
Armour
 a - a +0 robe (worn)
 c - an orb of light (worn)
 e - a +0 helmet (worn)
Scrolls
 i - a scroll of summoning
Potions
 d - a potion of might {unknown}
 h - a potion of lignification {unknown}


   Skills:
 * Level 0.8 Fighting
 * Level 2.9 Dodging
 - Level 2.4 Stealth
 * Level 4.3 Spellcasting
 * Level 2.0 Conjurations
 + Level 3.8 Fire Magic


You had 5 spell levels left.
You knew the following spells:

 Your Spells              Type           Power      Damage    Failure   Level
a - Foxfire               Conj/Fire      68%        2x1d7     3%          1
b - Scorch                Fire           42%        2d7       3%          2
c - Conjure Flame         Conj/Fire      17%        6-21      10%         3

Your spell library contained the following spells:

 Spells                   Type           Power      Damage    Failure   Level
 Inner Flame              Hex/Fire       13%        N/A       14%         3
 Flame Wave               Conj/Fire      17%        2d5       32%         4


Dungeon Overview and Level Annotations

Branches:
Dungeon (3/15)

Altars:

Annotations:
D:2 1 runed translucent door, Crazy Yiuf


Message History

Casting: Foxfire (safe; 3% risk of failure)
Confirm with . or Enter, or press ? or * to list all spells.
Flames lash the orc wizard.
The orc wizard is heavily wounded.
The orc wizard's fire resistance burns away.
The foxfire hits the orc wizard but does no damage.
The orc wizard is heavily wounded.
The orc wizard hits you but does no damage.
You now have 1/12 mp.
Casting: Foxfire (safe; 3% risk of failure)
Press: ? - help, Q - select action, (/) - cycle Dir - look around, f - activate You miscast Foxfire.
You are very lightly contaminated with residual magic.
Nothing appears to happen.
The orc closely misses you.
The orc wizard hits you with a +0 dagger.
You take 1 damage, and have 9/24 hp.
You now have 0/12 mp.
The orc wizard is no longer more vulnerable to fire.
The orc wizard gestures wildly while chanting.
The orc wizard flickers and vanishes!
Deactivating autopickup; reactivate with Ctrl-A.
A rat comes into view.
Your magical contamination has completely faded away.
Casting: Foxfire (safe; 3% risk of failure)
Press: ? - help, Q - select action, (/) - cycle Dir - look around, f - activate You conjure some foxfire!
You now have 0/12 mp.
The foxfire hits the rat.
You kill the rat!
The foxfire hits the orc.
You kill the orc!
A magic dart appears from out of thin air!
The magic dart hits you!
* * * LOW HITPOINT WARNING * * *
You take 6 damage, and have 3/24 hp.
MASSIVE DAMAGE!!
It was a potion of resistance.
You feel protected.
A magic dart appears from out of thin air!
The magic dart hits you!
You die...

.##.#####.# ..#.#####.#
# ...#......# .#
..#.##.#..# ####.#
.##.##.#..#####....
..#.##...........#######
.#..####..####..........
............{....†......
.#.#####..#####)@######
..######.)# #..#
..........# #..#
########.######..#
#.........# ###.#####.#
.# #.# $# ..# .#


There were no monsters in sight!

Vanquished Creatures
  An orc wizard (D:3)
  A gnoll (D:1)
  An adder (D:2)
  2 orcs (D:3)
  2 endoplasms (D:1)
  A giant cockroach (D:1)
  A goblin (D:1)
  6 hobgoblins
  5 kobolds
  2 quokkas (D:1)
  4 ball pythons
  A bat (D:1)
  2 rats (D:3)
29 creatures vanquished.

Vanquished Creatures (others)
  87 foxfires
87 creatures vanquished.

Grand Total: 116 creatures vanquished

Notes
Turn   | Place    | Note
-------+----------+-------------------------------------------
     0 | D:1      | Maimakterion the Deep Elf Fire Elementalist began the quest
                  | for the Orb.
     0 | D:1      | Reached XP level 1. HP: 10/10 MP: 6/6
   254 | D:1      | Reached XP level 2. HP: 15/15 MP: 5/8
   325 | D:1      | Learned a level 2 spell: Scorch
  1107 | D:2      | Reached XP level 3. HP: 20/20 MP: 3/10
  1111 | D:2      | Learned a level 3 spell: Conjure Flame
  1380 | D:2      | Found a faded altar of an unknown god.
  1532 | D:2      | Found a runed translucent door.
  1533 | D:2      | Noticed Crazy Yiuf
  1885 | D:3      | Reached skill level 4 in Spellcasting
  1885 | D:3      | Reached XP level 4. HP: 11/24 MP: 4/12
  1896 | D:3      | Killed from afar by an orc wizard

Illustrated notes

Levels and vault maps discovered:
D:1:      dpeg_arrival_solitude, layout_loops_ring
D:2:      layout_basic, dreamdust_ecumenical_altar_statues,
          uniq_crazy_yiuf_cottage
D:3:      layout_loops_ring

Skill      XL: |  1  2  3 |
---------------+----------+-----
Spellcasting   | 4 |  4.3
Conjurations   | 2 |  2.0
Fighting       | |  0.8
Dodging        | |  2.9
Stealth        | |  2.4
Fire Magic     | |  3.8

Action                   |  1- 3 |  4- 6 || total
-------------------------+-------+-------++-------
Melee: Unarmed           |     1 |       ||     1
 Cast: Foxfire           |    54 |     2 ||    56
       Scorch            |    13 |     1 ||    14
  Use: Scroll            |     1 |       ||     1
       Potion            |       |     1 ||     1
Armor: Robe              |       |     1 ||     1
Dodge: Dodged            |     9 |     1 ||    10

Table legend: (Time is in decaauts)
 A = Elapsed time spent in this place.
 B = Non-inter-level travel time spent in this place.
 C = Inter-level travel time spent in this place.
 D = Time resting spent in this place.
 E = Time spent auto-exploring this place.
 F = Levels seen in this place.
 G = Mean time per level.
                   A        B        C        D        E       F      G
               +--------+--------+--------+--------+--------+-----+--------+
         Total |   1895 |   1829 |     66 |      5 |   1576 |   3 |  631.7 |
       Dungeon |   1895 |   1829 |     66 |      5 |   1576 |   3 |  631.7 |
               +--------+--------+--------+--------+--------+-----+--------+

Top non-repeatable levels by time:
     D:1: 1010 daAuts
     D:2: 700 daAuts
     D:3: 183 daAuts
